 Dungeon Crawl Stone Soup version 0.31.0-32-g396128a36d (webtiles) character file.

Game seed: 3233856965805162766

566697 Eolas the Conqueror (level 26, -30/193 HPs)
             Began as a Barachi Hunter on Apr 11, 2024.
             Was the Champion of Cheibriados.
             Killed from afar by an orb of fire (44 damage)
             ... with a bolt of fire
             ... on level 5 of the Realm of Zot on Apr 12, 2024.
             The game lasted 04:30:09 (51930 turns).

Eolas the Conqueror (Barachi Hunter)               Turns: 51930, Time: 04:30:10

Health: -30/193    AC: 16    Str: 25    XL:     26   Next: 82%
Magic:  0/28       EV: 51    Int: 27    God:    Cheibriados [******]
Gold:   4527       SH:  0    Dex: 37    Spells: 25/25 levels left

rFire   . . .        R - +10 triple crossbow of Doom {holy, rElec rN+}
rCold   + . .        (shield currently unavailable)
rNeg    + + +        (no body armour)
rPois   +            r - +2 helmet
rElec   +            Z - +2 cloak "Nekkaume" {-Cast rC+ rN++ Will+}
rCorr   .            k - +2 pair of gloves
SInv    +            J - +2 pair of boots
Will    ++...        f - amulet of guardian spirit
Stlth   ++++         K - ring "Coluex" {rPois rN+ Stlth+}
HPRegen 0.00/turn    w - ring of see invisible
MPRegen 0.21/turn

%: no spellcasting, random rage (9%), guardian spirit
@: about to teleport, unable to hop, inhibited regen, studying 2 skills,
invisible, very slow
A: amphibious, slowness 1, strong legs 2, +LOS, talons 1, berserk 2, clumsy 1,
frail 2, low MP 1, inhibited regeneration, teleportitis 1, weak 2, MP-powered
wands
}: 3/15 runes: serpentine, barnacled, silver
a: Hop, Renounce Religion, Bend Time, Temporal Distortion, Slouch, Step From
Time


You were on level 5 of the Realm of Zot.
You worshipped Cheibriados.
Cheibriados was exalted by your worship.
You visited 10 branches of the dungeon, and saw 48 of its levels.
You also visited: Sewer and Ice Cave.

You collected 10216 gold pieces.
You spent 5689 gold pieces at shops.

Inventory:

Hand Weapons
 O - a +9 heavy orcbow
 R - the +10 triple crossbow of Doom (weapon) {holy, rElec rN+}
   (You bought it in a shop on level 3 of the Depths)

   rElec:     It insulates you from electricity.
   rN+:       It protects you from negative energy.
Armour
 k - a +2 pair of gloves (worn)
 r - a +2 helmet (worn)
 C - a +4 plate armour of fire resistance
 G - +5 steam dragon scales
 J - a +2 pair of boots (worn)
 W - a +2 kite shield of reflection
 Z - the +2 cloak "Nekkaume" (worn) {-Cast rC+ rN++ Will+}
   (You found it on level 5 of the Lair of Beasts)

   rC+:       It protects you from cold.
   rN++:      It greatly protects you from negative energy.
   Will+:     It increases your willpower.
   -Cast:     It prevents spellcasting.
Jewellery
 f - an amulet of guardian spirit (around neck)
 i - an amulet of regeneration
 n - the ring of Twilight {+Blink Will+ rCorr}
   (You took it off a deep elf high priest on level 5 of the Vaults)

   [ring of resist corrosion]

   Will+:     It increases your willpower.
   +Blink:    It lets you blink.
   rCorr:     It protects you from acid and corrosion.
 u - an amulet of the acrobat
 w - a ring of see invisible (right hand)
 x - a ring of resist corrosion
 K - the ring "Coluex" (left hand) {rPois rN+ Stlth+}
   (You found it on level 11 of the Dungeon)

   [ring of poison resistance]

   rPois:     It protects you from poison rN+: It protects you from negative
   energy.
   Stlth+:    It makes you more stealthy.
 L - the ring "Ihutobeb" {rC+ rN+ Dex+2}
   (You took it off an orc knight on level 5 of the Vaults)

   [ring of protection from cold]

   Dex+2:     It affects your dexterity (+2).
   rC+:       It protects you from cold.
   rN+:       It protects you from negative energy.
 N - a ring of flight
 P - an amulet of reflection
 U - the ring "Varoz" {Int-4 Dex+6 Slay+4}
   (You found it on level 1 of the Snake Pit)

   [ring of slaying]

   Int-4:     It affects your intelligence (-4).
   Dex+6:     It affects your dexterity (+6).
   Slay+4:    It affects your accuracy & damage with ranged weapons and melee
   (+4).
Wands
 v - a wand of digging (15)
Scrolls
 a - 11 scrolls of revelation
 b - a scroll of butterflies
 c - 17 scrolls of teleportation
 m - 6 scrolls of fog
 p - 2 scrolls of brand weapon
 q - 7 scrolls of enchant weapon
 t - 7 scrolls of amnesia
 z - a scroll of summoning
 H - 28 scrolls of identify
 I - 4 scrolls of blinking
 T - 4 scrolls of fear
 V - 6 scrolls of silence
 X - 5 scrolls of poison
Potions
 d - 11 potions of lignification
 e - 20 potions of curing
 g - 10 potions of mutation
 j - 3 potions of heal wounds
 l - 7 potions of might
 s - a potion of berserk rage
 A - 4 potions of ambrosia
 B - 7 potions of brilliance
 E - 2 potions of magic
 F - 4 potions of cancellation
 M - a potion of invisibility
 Y - 8 potions of enlightenment


   Skills:
 O Level 27 Fighting
 + Level 23.9 Ranged Weapons
 - Level 23.1 Armour
 O Level 27 Dodging
 - Level 1.1 Stealth
 - Level 12.0 Invocations


You had 25 spell levels left.
You didn't know any spells.
Your spell library contained the following spells:

 Spells                   Type           Power      Damage    Failure   Level
 Apportation              Tloc           0%         N/A       12%         1
 Freeze                   Ice            0%         1d3       12%         1
 Necrotise                Necr           0%         1d4       12%         1
 Shock                    Conj/Air       0%         1d3       12%         1
 Sting                    Conj/Alch      0%         1d3       12%         1
 Summon Small Mammal      Summ           0%         N/A       12%         1
 Cigotuvi's Dreadful Rot  Necr/Alch/Air  0%         N/A       19%         2
 Ensorcelled Hibernation  Hex/Ice        0%         N/A       19%         2
 Jinxbite                 Hex            0%         N/A       19%         2
 Mercury Vapours          Alch/Air       0%         N/A       19%         2
 Scorch                   Fire           0%         2d5       19%         2
 Static Discharge         Conj/Air       0%         3-3/arc   19%         2
 Sublimation of Blood     Necr           0%         N/A       19%         2
 Call Canine Familiar     Summ           0%         N/A       34%         3
 Confusing Touch          Hex            0%         N/A       34%         3
 Frozen Ramparts          Ice            0%         1d1       34%         3
 Fugue of the Fallen      Necr           0%         N/A       34%         3
 Hailstorm                Conj/Ice       0%         3d5       34%         3
 Ozocubu's Armour         Ice            0%         N/A       34%         3
 Passwall                 Erth           0%         N/A       34%         3
 Sigil of Binding         Hex            0%         N/A       34%         3
 Stone Arrow              Conj/Erth      0%         3d7       34%         3
 Summon Ice Beast         Ice/Summ       0%         N/A       34%         3
 Swiftness                Air            0%         N/A       34%         3
 Vampiric Draining        Necr           0%         2d6       34%         3
 Volatile Blastmotes      Fire/Tloc      0%         2d10      34%         3
 Airstrike                Air            0%         2d(0-16)  75%         4
 Anguish                  Hex/Necr       0%         N/A       75%         4
 Animate Armour           Summ/Erth      0%         N/A       75%         4
 Animate Dead             Necr           0%         N/A       75%         4
 Dimensional Bullseye     Hex/Tloc       0%         N/A       75%         4
 Flame Wave               Conj/Fire      0%         2d4       75%         4
 Fulminant Prism          Conj/Alch      0%         3d5       75%         4
 Ignite Poison            Fire/Alch      0%         N/A       75%         4
 Iskenderun's Mystic Bla  Conj/Tloc      0%         2d3       75%         4
 Leda's Liquefaction      Alch/Erth      0%         N/A       75%         4
 Manifold Assault         Tloc           0%         N/A       75%         4
 Martyr's Knell           Necr/Summ      0%         N/A       75%         4
 Olgreb's Toxic Radiance  Alch           0%         N/A       75%         4
 Petrify                  Alch/Erth      0%         N/A       75%         4
 Sticky Flame             Fire/Alch      0%         2d4       75%         4
 Summon Blazeheart Golem  Fire/Summ      0%         N/A       75%         4
 Summon Lightning Spire   Summ/Air       0%         N/A       75%         4
 Alistair's Intoxication  Alch           0%         N/A       97%         5
 Curse of Agony           Necr           0%         N/A       97%         5
 Irradiate                Conj/Alch      0%         3d11      97%         5
 Iskenderun's Battlesphe  Conj           0%         2d6       97%         5
 Lee's Rapid Deconstruct  Erth           0%         3d4*      97%         5
 Metabolic Englaciation   Hex/Ice        0%         N/A       97%         5
 Summon Forest            Summ/Tloc      0%         N/A       97%         5
 Summon Mana Viper        Hex/Summ       0%         N/A       97%         5
 Bombard                  Conj/Erth      0%         9d1       100%        6
 Eringya's Noxious Bog    Alch           0%         4d6       100%        6
 Plasma Beam              Fire/Air       0%         2x1d10    100%        6
 Sculpt Simulacrum        Ice/Alch       0%         N/A       100%        6
 Summon Cactus Giant      Summ           0%         N/A       100%        6
 Enfeeble                 Hex            0%         N/A       100%        7
 Haunt                    Necr/Summ      0%         N/A       100%        7
 Monstrous Menagerie      Summ           0%         N/A       100%        7
 Orb of Destruction       Conj           0%         9d5       100%        7
 Spellforged Servitor     Conj/Summ      0%         N/A       100%        7
 Borgnjor's Revivificati  Necr           0%         N/A       100%        8
 Death's Door             Necr           0%         N/A       100%        9


Dungeon Overview and Level Annotations

Branches:
Dungeon (15/15)            Temple (1/1) D:4            Lair (5/5) D:11
 Shoals (4/4) Lair:2        Snake (4/4) Lair:2        Slime (0/5) Lair:5
    Orc (2/2) D:11            Elf (3/3) Orc:2        Vaults (5/5) D:13
  Crypt (0/3) Vaults:3     Depths (4/4) D:15            Zot (5/5) Depths:4
  Sewer (visited)           IceCv (visited)

Altars:
Ashenzari
Cheibriados
Dithmenos
Elyvilon
Fedhas
Gozag
Hepliaklqana
Kikubaaqudgha
Makhleb
Nemelex Xobeh
Okawaru
Qazlal
Ru
Sif Muna
Trog
Uskayaw
Vehumet
Wu Jian
Xom
Yredelemnul
Zin
The Shining One
Jiyva

Shops:
D:8 *   Orc:2 *?*[   Elf:1 *   Shoals:1 *(   Snake:1 :(*   Snake:4 :
Vaults:3 **:   Vaults:5 =   Depths:1 **   Depths:3 *

Portals:
Hell: Depths:1 Depths:2 Depths:3 Depths:4
Abyss: Depths:1 Depths:3
Pandemonium: Depths:2
Ziggurat: Depths:3

Annotations:
Lair:1 3 runed translucent doors, Tripartite's ghost, journeyman SpWr
Depths:4 3 runed translucent doors, Iryull's ghost, adept DgCj
Zot:4 1 transporter


Innate Abilities, Weirdness & Mutations

You are amphibious.
You cover ground slowly.
You can hop long distances.
You have an extended range of vision and can be seen from far away.
You have sharp toenails.
You have an uncontrollable temper.
You are clumsy. (Dex -2)
You are very frail. (-20% HP)
Your magical capacity is low. (-10% MP)
You do not regenerate when monsters are visible.
You are occasionally teleported next to monsters.
You are very weak. (Str -4)
You expend magic power (3 MP) to strengthen your wands.


Message History

Your black draconian hits the dread lich with a +0 glaive!
The dread lich touches your tentacled monstrosity but does no damage.
Your storm dragon bites the orb of fire!
Your storm dragon claws the orb of fire.
Your storm dragon tramples the orb of fire but does no damage.
Your quicksilver dragon bites the orb of fire.
Your quicksilver dragon misses the orb of fire.
The orb of fire glows deep purple.
The fireball explodes!
The fireball engulfs you!!
* * * LOW HITPOINT WARNING * * *
The fireball engulfs your red draconian!!
Your red draconian resists.
Your black draconian hits the dread lich but does no damage.
The orb of fire emits a lurid red light.
The bolt of fire hits your green draconian monk!!!!
Your green draconian monk dies!
Your green draconian monk's corpse dissolves into shadows!
The bolt of fire hits your red draconian!!
Your red draconian resists.
The bolt of fire misses you.
Your red draconian completely misses the orb of fire.
Your tentacled monstrosity tentacle-slaps the dread lich.
Your tentacled monstrosity tentacle-slaps the dread lich!
Your tentacled monstrosity tentacle-slaps the dread lich but does no damage.
Your tentacled monstrosity constricts the dread lich.
The dread lich touches your black draconian but does no damage.
Your quicksilver dragon bites the orb of fire but does no damage.
Your quicksilver dragon claws the orb of fire!
Your storm dragon barely misses the orb of fire.
Your storm dragon closely misses the orb of fire.
Your storm dragon tramples the orb of fire but does no damage.
Blink to where?
Press: ? - help, Dir - move target, p - Tzitzimitl
As you read the scroll of blinking, it crumbles to dust.
The Orb Guardian hits your storm dragon!!
Your storm dragon dies!
Your storm dragon's corpse dissolves into shadows!
The orb of fire glows bright magenta.
The bolt of fire hits you!!!
You die...

▓▓▓▓▓▓▓▓▓▓▓▓▓▓▓
▓▓▓▓........^@...▓
▓▓...................▓
▓▓.....§..X^............
▓.......*Ld.............
▓........d..............
▓▓..†.DX..1*.p..^.......
▓▓^......d.*......^....
▓▓........C....^......
▓.....................


You could see 3 orbs of fire, a Killer Klown, a dread lich (fast, distracted,
ally target), a Tzitzimitl (summoned), an Orb Guardian, a protean progenitor, a
friendly tentacled monstrosity (summoned), a friendly black draconian (summoned)
and 2 friendly draconians.

Vanquished Creatures
  3 dread liches (Vaults:5)
  3 ancient liches
  Frederick (Vaults:3)
  An orb of fire (Zot:2)
  Parghit (Depths:3)
  Vv (Zot:2)
  Saint Roka (Vaults:5)
  The ghost of TacoSundae the Acrobat, a master TeFi of Hepliaklqana (Zot:1)
  A caustic shrike (Depths:3)
  A curse toe (Zot:4)
  8 golden dragons
  the Enchantress (Depths:4)
  2 doom hounds (Zot:2)
  A bone dragon (Depths:4)
  An electric golem (Zot:1)
  20 tentacled monstrosities
  Grunn (Zot:2)
  2 liches
  7 Orb Guardians (Zot:5)
  Asterion (Vaults:1)
  7 quicksilver dragons
  5 titans
  2 deep elf master archers (Elf:3)
  The ghost of Kare Xaoge the Bludgeoner, an adept DgSh (Vaults:1)
  A deep elf blademaster (Elf:3)
  5 krakens
  11 death cobs
  7 sphinxes
  Polyphemus (Shoals:3)
  6 shadow dragons
  5 tengu reavers
  Roxanne (Shoals:2)
  Donald (Vaults:3)
  5 draconian monks
  15 storm dragons
  4 protean progenitors
  6 nagarajas
  9 fire giants
  5 draconian knights
  10 frost giants
  18 vault wardens
  6 deep elf sorcerers
  4 deep elf elementalists (Elf:3)
  A balrug (Depths:1)
  5 draconian scorchers
  A ghost moth (Zot:4)
  6 draconian shifters
  A ghoul (Vaults:3)
  10 draconian stormcallers
  3 orc warlords
  2 reapers
  A cacodemon (Zot:4)
  24 ironbound preservers
  7 draconian annihilators
  6 vampire knights
  6 ironbound thunderhulks
  3 spriggan defenders (Depths:4)
  18 stone giants
  6 green draconians
  Nessos (D:15)
  13 very ugly things
  9 deep elf demonologists
  7 black draconians
  8 deep elf annihilators
  5 war gargoyles
  8 deep elf death magi
  8 yellow draconians
  6 red draconians
  9 white draconians
  8 purple draconians
  5 spark wasps
  A dire elephant (Vaults:3)
  2 minotaurs (Shoals:4)
  5 fire dragons
  5 ettins
  A merfolk javelineer (Shoals:4)
  2 crystal guardians
  2 jiangshi (Depths:3)
  A blizzard demon (Depths:2)
  11 deep elf high priests
  10 yaktaur captains
  6 merfolk impalers
  An entropy weaver (shapeshifter) (D:12)
  6 great orbs of eyes
  4 salamander tyrants
  An entropy weaver (Vaults:2)
  2 rakshasas (Depths:2)
  39 vault guards
  4 hydras
  3 peacekeepers
  3 spriggan air magi
  An ogre mage (D:12)
  An alligator snapping turtle (Shoals:4)
  7 anacondas
  4 boulder beetles
  2 two-headed ogres
  8 centaur warriors
  20 ice dragons
  27 dancing weapons
  5 ironbound frosthearts
  5 merfolk aquamancers
  3 merfolk avatars (Shoals:3)
  4 catoblepae
  11 satyrs
  5 vampire magi
  3 deep troll earth magi
  7 tengu warriors
  4 orc high priests
  5 deep troll shamans
  8 shock serpents
  10 naga sharpshooters
  13 naga warriors
  3 death yaks (Shoals:3)
  5 spriggan berserkers
  An occultist (Depths:2)
  14 hell knights
  3 skysharks
  14 deep elf knights
  2 sun demons (Depths:2)
  3 iron trolls
  Urug (Lair:1)
  Sonja (Orc:2)
  Amaemon (Lair:1)
  3 salamander mystics
  2 goliath frogs (Zot:3)
  A mana viper (shapeshifter) (Elf:1)
  2 skeletal warriors
  A swamp dragon (Vaults:2)
  A glowing orange brain (shapeshifter) (Depths:3)
  14 mana vipers
  19 sea snakes
  10 arcanists
  A glowing orange brain (Depths:3)
  A swamp dragon (shapeshifter) (Vaults:5)
  2 bog bodies (IceCv)
  A steelbarb worm (shapeshifter) (Depths:2)
  3 flayed ghosts
  8 naga ritualists
  56 deep trolls
  10 deep elf archers
  10 lindwurms
  17 ironbound convokers
  8 necromancers
  6 phantasmal warriors
  21 harpies
  An orange crystal statue (Shoals:3)
  28 orc knights
  26 deep elf zephyrmancers
  3 shining eyes (Zot:4)
  19 deep elf pyromancers
  5 cyclopes
  46 ugly things
  3 orc sorcerers
  31 fauns
  29 manticores
  A manticore (shapeshifter) (Vaults:5)
  21 moths of wrath
  A meliai (shapeshifter) (Elf:1)
  6 meliai
  12 elephants
  16 salamanders
  2 water nymphs
  A human skeleton (Vaults:2)
  59 black mambas
  7 merfolk sirens
  An ice statue (IceCv)
  A gargoyle (D:13)
  A torpor snail (Lair:4)
  22 vault sentinels
  9 guardian serpents
  A rust devil (Depths:2)
  Maggie (D:10)
  15 naga magi
  9 cane toads
  2 cane toads (shapeshifter)
  An unseen horror (D:7)
  A kobold demonologist (D:11)
  2 rime drakes (Lair:3)
  A komodo dragon (shapeshifter) (Vaults:5)
  An orange demon (Lair:1)
  8 tengu conjurers
  2 efreet
  5 freezing wraiths
  2 anaconda simulacra (IceCv)
  A rime drake (shapeshifter) (Elf:1)
  38 yaktaurs
  7 komodo dragons
  A yaktaur skeleton (Vaults:2)
  2 tyrant leeches (Zot:1)
  5 trolls
  A merfolk (shapeshifter) (Elf:1)
  5 polar bears
  Prince Ribbit (D:5)
  10 hornets
  A wind drake (Shoals:4)
  16 blink frogs
  31 merfolk
  Grinder (D:3)
  7 saltlings (Orc:2)
  A stone giant simulacrum (Vaults:2)
  2 centaur simulacra (D:12)
  8 snapping turtles
  12 dream sheep
  A human simulacrum (Vaults:2)
  35 slime creatures
  An air elemental (Elf:1)
  2 dire elephant simulacra (IceCv)
  3 wraiths
  Sigmund (D:2)
  2 shadows
  20 spriggans
  9 vampires
  A hog (shapeshifter) (Elf:1)
  14 water elementals
  Eustachio (D:4)
  A warg (shapeshifter) (Vaults:5)
  A wyvern (D:11)
  35 yaks
  10 basilisks
  2 humans (D:13)
  2 fire elementals
  3 wargs
  2 death yak simulacra (IceCv)
  A harpy simulacrum (IceCv)
  37 nagas
  4 vampire mosquitoes (D:14)
  A glowing shapeshifter zombie (Vaults:2)
  An acid dragon (D:13)
  22 water moccasins
  22 orc warriors
  3 sky beasts
  3 ogres
  A black bear (shapeshifter) (Elf:1)
  7 black bears
  A laughing skull (D:15)
  11 boggarts
  A phantom (D:7)
  26 wolves
  A wolf (shapeshifter) (Elf:1)
  9 centaurs
  3 kobold brigands
  A brain worm (shapeshifter) (Elf:1)
  12 bullfrogs
  A cane toad simulacrum (IceCv)
  3 earth elementals
  6 two-headed ogre simulacra (IceCv)
  4 scorpions
  A glowing shapeshifter simulacrum (Vaults:2)
  A burial acolyte (D:8)
  7 wights
  5 killer bees (D:7)
  3 elephant simulacra (IceCv)
  3 electric eels (Elf:3)
  A howler monkey (shapeshifter) (Vaults:5)
  2 howler monkeys (D:10)
  2 hounds
  3 jellies
  2 bombardier beetles
  A gnoll bouda (D:9)
  17 orc priests
  3 iguanas
  15 orc wizards
  3 sleepcaps
  8 spriggan simulacra (IceCv)
  Terence (D:2)
  A polar bear simulacrum (IceCv)
  5 troll simulacra (IceCv)
  3 wolf simulacra (IceCv)
  11 gnolls
  15 river rats (Sewer)
  6 adders
  5 naga simulacra (IceCv)
  A shadow imp (D:8)
  4 white imps
  10 ufetubi
  An adder zombie (D:8)
  2 dart slugs
  2 ribbon worms
  41 orcs
  6 endoplasms
  5 giant cockroaches
  10 goblins
  4 hobgoblins
  13 jackals
  3 quokkas
  14 ball pythons
  4 bats
  5 frilled lizards
  A jackal zombie (D:8)
  32 kobolds
  24 rats
  A spectral weapon (Vaults:1)
  11 tentacles
2084 creatures vanquished.

Vanquished Creatures (collateral kills)
  An Orb Guardian (Zot:5)
  A moth of wrath (Zot:5)
2 creatures vanquished.

Vanquished Creatures (others)
  A draconian shifter (Zot:4)
  A deep troll (Depths:1)
  59 tentacles
61 creatures vanquished.

Grand Total: 2147 creatures vanquished

Notes
Turn   | Place    | Note
-------+----------+-------------------------------------------
     0 | D:1      | Eolas the Barachi Hunter began the quest for the Orb.
     0 | D:1      | Reached XP level 1. HP: 17/17 MP: 1/1
    64 | D:1      | Reached skill level 1 in Stealth
   154 | D:1      | Reached XP level 2. HP: 23/23 MP: 2/2
  1064 | D:2      | Reached XP level 3. HP: 28/28 MP: 3/3
  1064 | D:2      | Noticed Terence
  1078 | D:2      | HP: 1/28 [Terence/+0 mace (2)]
  1079 | D:2      | Killed Terence
  1244 | D:2      | Reached XP level 4. HP: 30/35 MP: 2/4
  1309 | D:2      | Noticed Sigmund
  1350 | D:2      | Killed Sigmund
  1351 | D:2      | Reached skill level 5 in Ranged Weapons
  1351 | D:2      | Reached XP level 5. HP: 14/42 MP: 1/5
  1351 | D:2      | Reached XP level 6. HP: 16/48 MP: 1/6
  1884 | D:2      | Found a faded altar of an unknown god.
  2569 | D:3      | Noticed Grinder
  2581 | D:3      | Paralysed by Grinder for 5 turns
  2593 | D:3      | Killed Grinder
  2594 | D:3      | Reached skill level 5 in Fighting
  2594 | D:3      | Reached XP level 7. HP: 51/56 MP: 7/7
  3332 | D:4      | Found a hazy altar of Hepliaklqana.
  3428 | D:4      | Found a white marble altar of Elyvilon.
  3657 | D:4      | Found a shimmering blue altar of Sif Muna.
  3740 | D:4      | Reached skill level 5 in Dodging
  3753 | D:4      | Noticed Eustachio
  3770 | D:4      | Killed Eustachio
  3771 | D:4      | Reached XP level 8. HP: 63/63 MP: 8/8
  3906 | D:4      | Found a staircase to the Ecumenical Temple.
  3916 | Temple   | Entered the Ecumenical Temple
  3981 | D:4      | Identified the serpent talisman "Kaar" {Int+3}
  4102 | D:5      | Entered Level 5 of the Dungeon
  4286 | D:5      | Noticed Prince Ribbit
  4301 | D:5      | Killed Prince Ribbit
  4985 | D:6      | Reached XP level 9. HP: 67/72 MP: 9/9
  5050 | D:6      | Found a stormy altar of Qazlal.
  5052 | D:6      | Found an opulent altar of Gozag.
  5053 | D:6      | Found a snail-covered altar of Cheibriados.
  5064 | D:6      | Found a basalt altar of Yredelemnul.
  5067 | D:6      | Became a worshipper of Cheibriados the Contemplative
  5202 | D:6      | Found a sparkling altar of Nemelex Xobeh.
  5367 | D:6      | Found a glowing drain.
  5371 | Sewer    | Entered a sewer
  5415 | Sewer    | Reached * piety under Cheibriados
  5560 | Sewer    | Reached ** piety under Cheibriados
  6364 | D:7      | Reached *** piety under Cheibriados
  6368 | D:7      | Reached skill level 10 in Ranged Weapons
  6477 | D:7      | Found an iron altar of Okawaru.
  6536 | D:7      | Killed an unseen horror
  6777 | D:7      | Reached XP level 10. HP: 78/82 MP: 10/10
  6887 | D:7      | Identified the +1 spear of Massacring {freeze, Int+3}
  6933 | D:6      | Identified the +9 chain mail of Fikagyf {Will+}
  7014 | D:7      | Identified the +6 whip "Trog's Wrath" {antimagic, rPois
                  | Int+3}
  7227 | D:8      | Found Egudghon's Overcharged Wands.
  7475 | D:8      | Reached **** piety under Cheibriados
  7704 | D:8      | Found an ancient bone altar of Kikubaaqudgha.
  8146 | D:9      | Found a glowing silver altar of Zin.
  8747 | D:10     | Entered Level 10 of the Dungeon
  8764 | D:10     | Noticed Maggie
  8767 | D:10     | Noticed a two-headed ogre
  8776 | D:10     | Reached skill level 1 in Invocations
  8779 | D:10     | Killed a two-headed ogre
  8794 | D:10     | Killed Maggie
  8795 | D:10     | Reached skill level 10 in Fighting
  8795 | D:10     | Reached XP level 11. HP: 51/90 MP: 6/12
  8795 | D:10     | Reached ***** piety under Cheibriados
  8931 | D:10     | Identified the +2 ring mail "Netur" {+Blink Str+5 Dex-5
                  | Stlth+}
  9634 | D:11     | Found a staircase to the Orcish Mines.
  9693 | D:11     | Found a staircase to the Lair.
 10024 | D:11     | Found a burning altar of Makhleb.
 10024 | D:11     | Noticed a vampire mage
 10036 | D:11     | Killed a vampire mage
 10040 | D:11     | Identified the ring "Zaghiudo" {Fire SInv}
 10144 | D:11     | Identified the ring "Coluex" {rPois rN+ Stlth+}
 10165 | D:11     | Noticed a manticore
 10172 | D:11     | Killed a manticore
 10173 | D:11     | Reached skill level 10 in Dodging
 10561 | Lair:1   | Entered Level 1 of the Lair of Beasts
 10691 | Lair:1   | Found a runed translucent gate.
 10691 | Lair:1   | Found a runed translucent gate.
 10691 | Lair:1   | Found a runed translucent gate.
 10693 | Lair:1   | Noticed Tripartite's ghost (journeyman SpWr)
 10693 | Lair:1   | Noticed a 12-headed hydra
 10693 | Lair:1   | Noticed a ten-headed hydra
 10852 | Lair:1   | Noticed Urug
 10856 | Lair:1   | Killed Urug
 10857 | Lair:1   | Reached XP level 12. HP: 100/100 MP: 15/15
 11603 | Lair:1   | Noticed Amaemon
 11615 | Lair:1   | Killed Amaemon
 11731 | Lair:1   | Reached skill level 5 in Invocations
 12159 | Lair:2   | Found a staircase to the Snake Pit.
 12208 | Lair:2   | Reached ****** piety under Cheibriados
 12294 | Lair:2   | Found a staircase to the Shoals.
 12673 | Snake:1  | Entered Level 1 of the Snake Pit
 12697 | Snake:1  | Found Ucvamni's Mayhem Merchandise.
 12763 | Snake:1  | Found a hazy altar of Hepliaklqana.
 12883 | Snake:1  | Identified the ring "Varoz" {Int-4 Dex+6 Slay+4}
 12936 | Snake:1  | Noticed an anaconda
 12939 | Snake:1  | Noticed a naga warrior
 12940 | Snake:1  | Killed an anaconda
 12943 | Snake:1  | Killed a naga warrior
 12944 | Snake:1  | Gained mutation: You can hop long distances. [Barachi
                  | growth]
 12944 | Snake:1  | Reached XP level 13. HP: 109/109 MP: 17/17
 13131 | Snake:1  | Found Zadil's Antique Weapon Boutique.
 13180 | Snake:1  | Reached skill level 15 in Ranged Weapons
 13513 | Snake:1  | Found Yvigg's Vocational Training.
 14167 | Snake:2  | Noticed a nagaraja
 14173 | Snake:2  | Killed a nagaraja
 14382 | Snake:2  | Reached XP level 14. HP: 119/119 MP: 19/19
 15691 | Snake:3  | Reached skill level 15 in Fighting
 15780 | Snake:3  | Noticed a nagaraja
 15788 | Snake:3  | Killed a nagaraja
 16025 | Snake:3  | Reached XP level 15. HP: 99/130 MP: 16/21
 16723 | Snake:4  | Entered Level 4 of the Snake Pit
 16723 | Snake:4  | Noticed a nagaraja
 16727 | Snake:4  | Killed a nagaraja
 16728 | Snake:4  | Reached skill level 15 in Dodging
 16728 | Snake:4  | Reached skill level 10 in Invocations
 17329 | Snake:4  | Noticed a nagaraja
 17332 | Snake:4  | Killed a nagaraja
 17838 | Snake:4  | Noticed a quicksilver dragon
 17840 | Snake:4  | Killed a quicksilver dragon
 17841 | Snake:4  | Reached XP level 16. HP: 143/143 MP: 23/23
 17853 | Snake:4  | Got a serpentine rune of Zot
 17866 | Snake:4  | Noticed a nagaraja
 17872 | Snake:4  | Killed a nagaraja
 17905 | Snake:4  | Noticed a nagaraja
 17908 | Snake:4  | Killed a nagaraja
 18100 | Snake:4  | Found Saigoach's Self-Published Books.
 19984 | Lair:4   | Identified the storm talisman of Leacsy {Str+7}
 20198 | Lair:5   | Entered Level 5 of the Lair of Beasts
 20211 | Lair:5   | Identified the +2 cloak "Nekkaume" {-Cast rC+ rN++ Will+}
 20285 | Lair:5   | Found a staircase to the Slime Pits.
 20709 | Lair:5   | Identified the +7 mace "Kitautti" {freeze, rElec rPois
                  | Str-2}
 21295 | Orc:1    | Entered Level 1 of the Orcish Mines
 21332 | Orc:2    | Entered Level 2 of the Orcish Mines
 21565 | Orc:2    | Reached XP level 17. HP: 155/155 MP: 24/24
 21591 | Orc:2    | Found Kuithuet's Antique Armour Boutique.
 21715 | Orc:2    | Found Hoal's Magic Scroll Shoppe.
 21718 | Orc:2    | Found Edghorr's General Store.
 21877 | Orc:2    | Noticed Sonja
 21878 | Orc:2    | Killed Sonja
 22067 | Orc:2    | Found a staircase to the Elven Halls.
 22264 | Orc:2    | Found Famim's Assorted Antiques.
 22346 | Elf:1    | Entered Level 1 of the Elven Halls
 22506 | Elf:1    | Found Xiggeify's Neck Hole.
 23076 | Elf:2    | Found a shimmering blue altar of Sif Muna.
 23089 | Elf:2    | Found a runed translucent gate.
 23089 | Elf:2    | Found a runed translucent gate.
 23089 | Elf:2    | Found a runed translucent gate.
 23442 | Elf:2    | Identified the +8 whip "Haudak" {heavy, rPois rF++ Stlth+}
 24057 | Elf:2    | Reached XP level 18. HP: 168/168 MP: 25/25
 24229 | Elf:3    | Entered Level 3 of the Elven Halls
 24519 | Elf:3    | Noticed a Hell Sentinel
 24783 | Elf:3    | Noticed a deep elf master archer
 24787 | Elf:3    | Identified the ring "Sarofain" {Fire Dex+2}
 24787 | Elf:3    | Noticed a deep elf blademaster
 24791 | Elf:3    | Killed a deep elf blademaster
 24791 | Elf:3    | Killed a deep elf master archer
 24802 | Elf:3    | Identified the +8 battleaxe "Ixzaecw Awni" {freeze, ^Drain
                  | rElec rF+ SInv}
 24894 | Elf:3    | Identified the +2 chain mail "Otuaguidd" {Harm Int-3
                  | Stlth+}
 24894 | Elf:3    | Noticed a deep elf master archer
 24897 | Elf:3    | Killed a deep elf master archer
 24916 | Elf:3    | Identified the +2 broad axe "Nueteak" {elec, Str+2}
 25001 | Elf:3    | Got Sawn's Encyclopedia of Bad Luck and the Throng
 25020 | Elf:3    | Got the Elucidation of the Mosquito
 25047 | Elf:3    | Identified the +0 long sword "Onosestu" {vamp, +Blink rF+}
 25084 | Elf:3    | Identified the +0 ring mail of Wariness {rElec}
 25909 | Shoals:1 | Entered Level 1 of the Shoals
 26326 | Shoals:1 | Found Hugecrek's Weapon Boutique.
 26380 | Shoals:1 | Reached XP level 19. HP: 178/178 MP: 26/26
 26464 | Shoals:1 | Found Fudujawe's Gadget Gallery.
 27019 | Shoals:2 | Got Miqainess's Enchiridion on the Ironbound Deep Freeze
 27393 | Shoals:2 | Noticed Roxanne
 27403 | Shoals:2 | Killed Roxanne
 27980 | Shoals:3 | Noticed Polyphemus
 28001 | Shoals:3 | Killed Polyphemus
 28294 | Shoals:3 | Found a transporter.
 28299 | Shoals:3 | Identified the +3 hand axe of Patience {pain, Str+2 Int+5
                  | Stlth-}
 28299 | Shoals:3 | Identified the +0 leather armour "Poorysk" {rElec rC++
                  | rN+++}
 28305 | Shoals:3 | Found a transporter.
 28321 | Shoals:3 | Identified the +9 morningstar "Vasekk" {flame, Dex+3}
 28679 | Shoals:4 | Entered Level 4 of the Shoals
 28807 | Shoals:4 | Identified the +1 quarterstaff "Koqaax Ukiru" {flame, rPois
                  | Str+2}
 28866 | Shoals:4 | Reached XP level 20. HP: 165/191 MP: 27/27
 28872 | Shoals:4 | Identified the +3 ring mail "Isko" {rN+ Str+3 Int+3}
 29257 | Shoals:4 | Got a barnacled rune of Zot
 29526 | D:12     | Found a frozen archway.
 29552 | IceCv    | Entered an ice cave
 31421 | D:13     | Found a gate to the Vaults.
 31625 | Vaults:1 | Entered Level 1 of the Vaults
 31738 | Vaults:1 | Found a runed translucent door.
 31738 | Vaults:1 | Noticed Kare Xaoge's ghost (adept DgSh)
 32512 | Vaults:1 | Noticed Asterion
 32529 | Vaults:1 | Killed Asterion
 33095 | Vaults:1 | Killed Kare Xaoge's ghost
 33246 | Vaults:2 | Reached XP level 21. HP: 202/202 MP: 28/28
 33779 | Vaults:2 | Reached skill level 27 in Fighting
 34245 | Vaults:2 | Identified the +3 great sword of Oschudghuu {heavy, rElec
                  | rC- Will+}
 34342 | Vaults:2 | Identified the granite talisman "Ilim" {rN+ Dex+3}
 34344 | Vaults:2 | Got the Parchment of Pollution
 34476 | Vaults:2 | Identified the +5 ring mail of Bedevilment {rPois rC+
                  | Slay+3 Stlth+}
 34490 | Vaults:2 | Identified a scroll of acquirement
 34493 | Vaults:2 | Acquired 1044 gold pieces
 34537 | Vaults:2 | Identified the staff of Ashenzari's Regard {rF+ rN+ Tloc
                  | Fire}
 34748 | Vaults:2 | Identified the +1 leather armour of Valiance {Dex+3}
 34896 | Vaults:3 | Found Mozoat's Assorted Antiques.
 34900 | Vaults:3 | Found Soedaibb's Assorted Antiques.
 34904 | Vaults:3 | Noticed Donald
 34911 | Vaults:3 | Killed Donald
 35276 | Vaults:3 | Reached XP level 22. HP: 212/212 MP: 29/29
 35281 | Vaults:3 | Found a staircase to the Crypt.
 35303 | Vaults:3 | Reached skill level 1 in Armour
 35457 | Vaults:3 | Identified the orb of Jaunor Taeve {*channel, +Inv rElec
                  | Dex+3}
 35457 | Vaults:3 | Noticed Frederick
 35472 | Vaults:3 | Killed Frederick
 35473 | Vaults:3 | Reached skill level 27 in Dodging
 35637 | Vaults:3 | Reached skill level 5 in Armour
 35750 | Vaults:3 | Found Exzomo's Book Boutique.
 36851 | Vaults:4 | Reached skill level 10 in Armour
 37116 | Vaults:4 | Acquired 1273 gold pieces
 37448 | Vaults:5 | Entered Level 5 of the Vaults
 37449 | Vaults:5 | Noticed a dread lich
 37462 | Vaults:5 | Noticed a golden dragon
 37464 | Vaults:5 | Paralysed by something for 3 turns
 37469 | Vaults:5 | Killed a dread lich
 37479 | Vaults:5 | Killed a golden dragon
 37480 | Vaults:5 | Noticed a golden dragon
 37499 | Vaults:5 | Killed a golden dragon
 37650 | Vaults:5 | Noticed a dread lich
 37651 | Vaults:5 | Reached XP level 23. HP: 172/219 MP: 31/31
 37655 | Vaults:5 | Killed a dread lich
 37668 | Vaults:5 | Noticed an ancient lich
 37671 | Vaults:5 | Noticed a golden dragon
 37674 | Vaults:5 | Killed an ancient lich
 37676 | Vaults:5 | Killed a golden dragon
 37679 | Vaults:5 | Identified the ring of Twilight {+Blink Will+ rCorr}
 37994 | Vaults:5 | Noticed a dread lich
 38009 | Vaults:5 | Killed a dread lich
 38026 | Vaults:5 | Reached skill level 15 in Armour
 38215 | Vaults:5 | Noticed Saint Roka
 38227 | Vaults:5 | Killed Saint Roka
 38398 | Vaults:5 | Identified the ring "Ihutobeb" {rC+ rN+ Dex+2}
 38505 | Vaults:5 | Got a silver rune of Zot
 39208 | Vaults:5 | Got the Book of the Undead Faeries
 39246 | Vaults:5 | Found Ryegunn's Jewellery Shop.
 39262 | Vaults:5 | Got the Spellbook of Injurious Ouranomancy
 39277 | Vaults:5 | Found the +10 zealot's sword {holy, Zealotry, *Rage rN+
                  | EV+3}
 39770 | D:14     | Found an iron altar of Okawaru.
 40256 | D:15     | Entered Level 15 of the Dungeon
 40696 | D:15     | Found a staircase to the Depths.
 40763 | D:15     | Noticed Nessos
 40768 | D:15     | Killed Nessos
 41032 | D:15     | Reached XP level 24. HP: 227/227 MP: 32/32
 41305 | Depths:1 | Entered Level 1 of the Depths
 41577 | Depths:1 | Found Curisuk's Assorted Antiques.
 41680 | Depths:1 | Found an ornate altar of the Wu Jian Council.
 41929 | Depths:1 | Found a gateway to Hell.
 41958 | Depths:1 | Found a one-way gate to the infinite horrors of the Abyss.
 42091 | Depths:1 | Found Merera's Blood Bar.
 42981 | Depths:2 | Found a one-way gate leading to the halls of Pandemonium.
 43597 | Depths:3 | Noticed a caustic shrike
 43623 | Depths:3 | Killed a caustic shrike
 44103 | Depths:3 | Found Big Baal Hell's Store.
 44130 | Depths:3 | Bought the +10 triple crossbow of Doom {holy, rElec rN+}
                  | for 5689 gold pieces
 44330 | Depths:3 | Noticed Parghit
 44679 | Depths:3 | Found a one-way gateway to a ziggurat.
 44833 | Depths:3 | Killed Parghit
 44834 | Depths:3 | Reached XP level 25. HP: 184/234 MP: 29/32
 45359 | Depths:4 | Entered Level 4 of the Depths
 45366 | Depths:4 | Found a runed translucent gate.
 45368 | Depths:4 | Found a runed translucent gate.
 45369 | Depths:4 | Found a runed translucent gate.
 45370 | Depths:4 | Found a viscous altar of Jiyva.
 45370 | Depths:4 | Noticed Iryull's ghost (adept DgCj)
 45410 | Depths:4 | Noticed the Enchantress
 45417 | Depths:4 | Killed the Enchantress
 45605 | Depths:4 | Found a gate to the Realm of Zot.
 46398 | Zot:1    | Entered Level 1 of the Realm of Zot
 47101 | Zot:1    | Found a runed translucent gate.
 47104 | Zot:1    | Found a runed translucent gate.
 47105 | Zot:1    | Found a runed translucent gate.
 47105 | Zot:1    | Noticed TacoSundae's ghost (master TeFi)
 47121 | Zot:1    | Killed TacoSundae's ghost
 47129 | Zot:1    | Identified the +7 halberd of Vengeance {flame, rC+}
 48060 | Zot:2    | Noticed Vv
 48074 | Zot:2    | Killed Vv
 48477 | Zot:2    | Noticed Grunn
 48488 | Zot:2    | Reached XP level 26. HP: 233/242 MP: 31/32
 48488 | Zot:2    | Killed Grunn
 48499 | Zot:2    | Noticed an orb of fire
 48694 | Zot:2    | Gained mutation: You are dopey. (Int -2) [an orb of fire]
 48710 | Zot:2    | Gained mutation: You are weak. (Str -2) [an orb of fire]
 48715 | Zot:2    | Gained mutation: You occasionally lose the ability to drink
                  | potions when taking damage. [an orb of fire]
 48715 | Zot:2    | Gained mutation: You sometimes lose your temper in combat.
                  | [an orb of fire]
 48716 | Zot:2    | Gained mutation: You are very weak. (Str -4) [an orb of
                  | fire]
 48717 | Zot:2    | Gained mutation: Your body sometimes deteriorates upon
                  | taking damage. [an orb of fire]
 48718 | Zot:2    | Killed an orb of fire
 49433 | Zot:3    | Lost mutation: Your body sometimes deteriorates upon taking
                  | damage. [potion of mutation]
 49433 | Zot:3    | Lost mutation: You occasionally lose the ability to drink
                  | potions when taking damage. [potion of mutation]
 49433 | Zot:3    | Lost mutation: You are dopey. (Int -2) [potion of mutation]
 49433 | Zot:3    | Gained mutation: You occasionally lose the ability to read
                  | scrolls when taking damage. [potion of mutation]
 49433 | Zot:3    | Gained mutation: You have large cloven feet. [potion of
                  | mutation]
 49433 | Zot:3    | Gained mutation: You are somewhat resistant to further
                  | mutation. [potion of mutation]
 50696 | Zot:4    | Lost mutation: You have large cloven feet. [potion of
                  | mutation]
 50696 | Zot:4    | Lost mutation: You occasionally lose the ability to read
                  | scrolls when taking damage. [potion of mutation]
 50696 | Zot:4    | Lost mutation: You are somewhat resistant to further
                  | mutation. [potion of mutation]
 50696 | Zot:4    | Gained mutation: You expend magic power (3 MP) to
                  | strengthen your wands. [potion of mutation]
 50696 | Zot:4    | Gained mutation: You have sharp toenails. [potion of
                  | mutation]
 50929 | Zot:4    | Found a transporter.
 51394 | Zot:4    | Found a transporter.
 51401 | Zot:4    | Noticed an ancient lich
 51404 | Zot:4    | Gained mutation: You have an uncontrollable temper. [a
                  | cacodemon]
 51419 | Zot:4    | Killed an ancient lich
 51419 | Zot:4    | Gained mutation: You are frail. (-10% HP) [a cacodemon]
 51420 | Zot:4    | Gained mutation: You are clumsy. (Dex -2) [a cacodemon]
 51423 | Zot:4    | Gained mutation: You do not regenerate when monsters are
                  | visible. [a cacodemon]
 51569 | Zot:4    | Noticed an orb of fire
 51575 | Zot:4    | Gained mutation: Your magical capacity is low. (-10% MP)
                  | [an orb of fire]
 51795 | Zot:5    | Entered Level 5 of the Realm of Zot
 51886 | Zot:5    | Noticed an ancient lich
 51889 | Zot:5    | Killed an ancient lich
 51910 | Zot:5    | Noticed a Killer Klown
 51910 | Zot:5    | Noticed an orb of fire
 51912 | Zot:5    | Noticed an orb of fire
 51914 | Zot:5    | Gained mutation: You are occasionally teleported next to
                  | monsters. [an orb of fire]
 51919 | Zot:5    | Noticed a dread lich
 51919 | Zot:5    | Noticed an orb of fire
 51919 | Zot:5    | Noticed an orb of fire
 51926 | Zot:5    | Noticed an orb of fire
 51928 | Zot:5    | Noticed a Killer Klown
 51928 | Zot:5    | Gained mutation: You are very frail. (-20% HP) [an orb of
                  | fire]
 51930 | Zot:5    | Killed from afar by an orb of fire

Illustrated notes

Levels and vault maps discovered:
D:1:      lemuel_arrival_muddy, layout_basic, minmay_misc_feat_cross,
          hangedman_decor_push, minmay_misc_feat_five, st_stairs_12,
          minivault_24
D:2:      layout_loops_cross, dreamdust_ecumenical_altar_statues,
          minmay_gold_behind_fungi, uniq_terence, uniq_sigmund
D:3:      layout_basic, uniq_grinder
D:4:      layout_basic, nicolae_hepliaklqana_hazy_memory,
          hellmonk_sif_muna_bookshelves, marbit_many_paths, temple_hall,
          minmay_circle_x, uniq_eustachio
D:5:      layout_gridville, corexii_checkpoint, uniq_prince_ribbit1
D:6:      layout_basic, nicolae_overflow_hidden_temple,
          mainiacjoe_overflow_alcove_3, gup_sewer_entry_bowl,
          minmay_unpleasant_kobolds
D:7:      layout_basic, mainiacjoe_overflow_paths, kennysheep_generic_room_3
D:8:      layout_gridville, lemuel_zombie_altar_kikubaaqudgha,
          hangedman_decor_lopped, nicolae_shop_overcharged_wands
D:9:      layout_stronghold, mainiacjoe_overflow_six_doors_small,
          minmay_misc_feat_ornament
D:10:     layout_basic, amcnicky_mini_rare_corridor_liquid, feat_on_display,
          uniq_maggie
D:11:     layout_roguey, david_lair_generic, orc_0_dummy, nicolae_nh_vlads_tower
D:12:     minmay_curly_fans, layout_basic, portal_ice_cave_entry_pillars_1
D:13:     layout_roguey, grunt_vaults_entry_fortified
D:14:     layout_irregular_city, serial_column_ruins, column_ruins_pillar_7,
          column_ruins_pillar_1, column_ruins_pillar_4, column_ruins_pillar_7,
          column_ruins_pillar_2, column_ruins_pillar_3, column_ruins_pillar_9,
          column_ruins_pillar_3, column_ruins_pillar_6, column_ruins_pillar_4,
          column_ruins_pillar_2, column_ruins_pillar_1, column_ruins_pillar_2,
          column_ruins_pillar_2, okawaru_trees_1
D:15:     grunt_enter_depths_hoard, layout_cave_pods, minmay_misc_feat_chi,
          evilmike_minifort, uniq_nessos
Temple:   hellmonk_temple_of_storms
Lair:1:   dreamdust_cave_troll, layout_layer_cave, gammafunk_ghost_hydra_chop,
          uniq_urug, uniq_amaemon
Lair:2:   layout_roguey, shoals_dummy_entry, dummy_snake_entry
Lair:3:   layout_layer_cave, st_stairs_11
Lair:4:   nzn_winding_woodlands_stair_cross [nzn_winding_woodlands_5x15_jagged,
          nzn_winding_woodlands_center_diamonds,
          nzn_winding_woodlands_5x15_parted, nzn_winding_woodlands_5x5_cross,
          nzn_winding_woodlands_5x5_closed_star,
          nzn_winding_woodlands_5x15_cabin,
          nzn_winding_woodlands_center_pierced_h,
          nzn_winding_woodlands_5x15_sidewinder], layout_misc_corridors
Lair:5:   minmay_lair_end_enchanted_forest, layout_gridlike,
          minmay_slime_entry_pillars
Shoals:1: cheibrodos_shoals_three_sisters, layout_shoals, serial_shops,
          nicolae_shop_bloodbath_and_beyond, nicolae_shop_gadgets
Shoals:2: layout_shoals, nicolae_shoals_kraken_party, uniq_roxanne
Shoals:3: gammafunk_sealed_arena, layout_shoals, uniq_polyphemus
Shoals:4: shoals_end_hellmonk_lost_city
Snake:1:  layout_onion_interference, basic_altar, serial_shops, shop,
          minmay_shop_mayhem, serial_bayou_pond_a, grunt_ministairs_9,
          nicolae_shop_vocational
Snake:2:  layout_onion, nicolae_snake_yet_another_twisty_hallway
Snake:3:  layout_cave_town, grunt_megastairs_3
Snake:4:  hellmonk_snake_rune_quicksilver_temple, layout_cave_town,
          nicolae_custom_books
Orc:1:    layout_diamond_mine, gammafunk_ghost_smash, serial_shops, shop
Orc:2:    hellmonk_orc_salted, layout_caves, nicolae_orc_tapped_out, uniq_sonja
Elf:1:    minmay_elf_arrival_circle, layout_loops_cross,
          nicolae_elf_shapeshifter_party, nicolae_shop_sticking_my_neck_out
Elf:2:    nicolae_elf_blades_splatter_lattice
          [nicolae_blade_entry_sentries_behind_glass], layout_loops_ring,
          basic_altar
Elf:3:    minmay_elf_hall_curves, layout_geoelf_castle
Vaults:1: hellmonk_ghost_happy_afterlife, v_misc_3,
          nicolae_vaults_storage_closets_1, v_misc_1,
          ontoclasm_vaults_ring_square, nicolae_vaults_hexular_roomagon,
          ontoclasm_vaults_fault, vaults_dpeg_encased_lava,
          dpeg_vaults_monster_row, nicolae_vaults_asterisk,
          nicolae_vaults_two_Ls, layout_vaults_omnicross, uniq_asterion
Vaults:2: nicolae_vaults_little_squares_5, v_misc_25,
          nicolae_vaults_more_shelving_1, v_alt_pattern_1, st_greater_box_4,
          hangedman_vaults_maws, nicolae_vaults_big_ls, vaults_room_pools,
          layout_vaults_maze_bifur
Vaults:3: v_rooms_1, nicolae_vaults_tetromino_L_2,
          nicolae_vaults_network_barrier, vaults_room_pool,
          nicolae_vaults_network_square, vaults_mumra_hexcomb,
          nicolae_vaults_crenellated_ambush, nicolae_vaults_house_2,
          minmay_crypt_entry_simple_box, v_pattern_5, vaults_room_semicircle,
          vaults_room_grunt_arrival_ludios, nicolae_vaults_trapezoid_layered,
          ontoclasm_vaults_claustrophobia, vaults_dpeg_ring,
          nicolae_vaults_tetromino_L_1, layout_vaults_omnibox, serial_shops,
          nicolae_diamond_shop, nicolae_shop_pleasant_corner_grove,
          nicolae_shop_peninsula, uniq_frederick, uniq_margery, uniq_donald
Vaults:4: v_misc_27, lightli_church_of_beogh, nicolae_vaults_sesquioval_fish,
          nicolae_vaults_shelves_hall, hangedman_vaults_stretched_pinwheel,
          nicolae_vaults_bisected_slash, nicolae_vaults_cochlea,
          nicolae_vaults_alarming, vaults_room_ringed_pool,
          layout_vaults_omnigrid
Vaults:5: uniq_saint_roka
Depths:1: layout_cave_shapes, abyss_entry_crystal, nzn_wu_jian_contemplation,
          serial_shops, shop, pf_dread_powers_of_hell, guppyfry_shop_blood,
          kennysheep_random_hallway
Depths:2: kennysheep_room_grid, layout_honeycomb, minmay_misc_feat_hallway,
          rand_demon_pan_entry_4, hangedman_coc_ice_floe
Depths:3: minmay_triangles_in_corner, layout_gridville, enter_ziggurat_b,
          hangedman_decor_slide_cut, abyss_entry,
          nicolae_hell_entry_big_baal_hell, minmay_misc_feat_nine_boxes,
          grunt_megastairs_2, uniq_parghit
Depths:4: evilmike_zot_entry_argh, layout_basic, gammafunk_ghost_ooze,
          hell_entry, minmay_misc_feat_roman, lemuel_flamethrower_2,
          uniq_enchantress
Zot:1:    layout_concentric_octagons, regret_index_zotdec_decaying_basic,
          ebering_ghost_rock_garden, nicolae_zig_zag_zippers
Zot:2:    layout_misc_corridors, grunt_megastairs_5, uniq_vv, uniq_grunn
Zot:3:    layout_concentric_octagons
Zot:4:    gammafunk_dig_for_victory, layout_misc_corridors,
          regret_index_zotdec_ex
Zot:5:    layout_misc_corridors

Skill      XL: |  1  2  3  4  5  6  7  8  9 10 11 12 13 14 15 16 17 18 19 20 21 22 23 24 25 26 |
---------------+-------------------------------------------------------------------------------+-----
Stealth        | 1 |  1.1
Fighting       | 3 4 5 7 8 10 11 12 13 15 17 19 21 23 25 26 27 | 27.0
Dodging        | 3 4 5 6 7 9 10 11 12 14 16 18 20 21 23 24 26 27 | 27.0
Ranged Weapons | 5 6 7 8 10 12 13 14 16 21 23 | 23.9
Invocations    | 2 4 6 7 9 10 11 12 | 12.0
Armour         | 13 19 23 | 23.1

Action                     |  1- 3 |  4- 6 |  7- 9 | 10-12 | 13-15 | 16-18 | 19-21 | 22-24 | 25-27 || total
---------------------------+-------+-------+-------+-------+-------+-------+-------+-------+-------++-------
   Fire: Shortbow          |    75 |   154 |   403 |   496 |       |       |       |       |       ||  1128
         Orcbow            |       |       |       |    50 |   504 |   927 |  1230 |  1143 |       ||  3854
         Triple crossbow   |       |       |       |       |       |       |       |   106 |   757 ||   863
 Invoke: Bend Time         |       |       |       |     1 |     1 |     1 |       |     2 |     5 ||    10
         Slouch            |       |       |       |       |     5 |    14 |     5 |    22 |    10 ||    56
Ability: Hop               |       |     2 |     7 |     4 |     4 |     4 |     3 |     8 |     5 ||    37
    Use: Scroll            |     2 |     2 |    13 |    11 |     2 |     9 |     6 |     4 |     8 ||    57
         Potion            |       |     1 |       |       |    10 |       |     4 |     3 |     6 ||    24
 Armour: Leather armour    |    18 |    30 |    51 |    81 |       |       |       |       |       ||   180
         Robe              |       |     8 |     5 |       |       |       |       |       |       ||    13
         Steam dragon scal |       |       |       |       |    80 |    96 |   161 |   251 |   303 ||   891
         Skin              |       |       |       |       |       |       |       |       |     6 ||     6
         Plate armour      |       |       |       |       |       |       |       |       |     5 ||     5
  Dodge: Dodged            |     7 |    37 |    96 |   161 |   244 |   483 |  1006 |  1339 |  1386 ||  4759
